 Dungeon Crawl Stone Soup version 0.21.1-1-g345015f (webtiles) character file.

140 toucherabbit the Ruffian (level 5, -1/46 HPs)
             Began as a Draconian Monk on Mar 16, 2018.
             Was a Believer of Qazlal.
             Slain by a gnoll
             ... wielding a +0 spear
              (4 damage)
             ... on level 2 of the Dungeon.
             The game lasted 00:05:10 (3343 turns).

toucherabbit the Ruffian (Draconian Monk)           Turns: 3343, Time: 00:05:11

Health: -1/46      AC:  5    Str: 14    XL:     5   Next: 2%
Magic:  5/5        EV: 13    Int: 11    God:    Qazlal [**....]
Gold:   150        SH:  3    Dex: 13    Spells: 4/4 levels left

rFire    . . .     SeeInvis .     - Unarmed
rCold    . . .     Gourm    .   (no shield)
rNeg     . . .     Faith    .   (armour unavailable)
rPois    .         Spirit   .   (helmet restricted)
rElec    .         Reflect  .   (no cloak)
rCorr    .         Harm     .   (no gloves)
MR       .....                  (no boots)
Stlth    ++........             (no amulet)
HPRegen  0.15/turn              d - ring of stealth
MPRegen  0.09/turn              (no ring)

@: slowed, very slow
A: unfitting armour, cold-blooded, AC +5
a: Upheaval, Renounce Religion


You were on level 2 of the Dungeon.
You worshipped Qazlal.
Qazlal was pleased with you.
You were near starving.

You visited 1 branch of the dungeon, and saw 3 of its levels.

You collected 150 gold pieces.

Inventory:

Jewellery
 d - a ring of stealth (left hand)
Scrolls
 e - 3 scrolls of identify {unknown}
 i - a scroll of enchant armour {unknown}
 k - 2 scrolls of teleportation {unknown}
 l - a scroll of fear {unknown}
 n - 2 scrolls of magic mapping {unknown}
Potions
 c - a potion of magic {unknown}
 f - a potion of curing
 g - a potion of invisibility {unknown}
 h - a potion of haste {unknown}
 j - a potion of brilliance {unknown}
 m - a potion of degeneration {unknown}
Comestibles
 a - 7 rations


   Skills:
 + Level 3.8 Fighting
 + Level 3.7 Dodging
 + Level 2.2 Stealth
 + Level 4.4 Unarmed Combat


You had 4 spell levels left.
You didn't know any spells.

Dungeon Overview and Level Annotations

Branches:
Dungeon (3/15)

Altars:
Ashenzari
Qazlal


Innate Abilities, Weirdness & Mutations

Your plain brown scales are hard. (AC +5)
You cannot fit into any form of body armour.
You are cold-blooded and may be slowed by cold attacks.


Message History

A jackal comes into view.
The jackal barks!
The jackal barely misses you. You block the jackal's attack.
The jackal bites you.
* * * LOW HITPOINT WARNING * * *
The jackal bites you but does no damage.
It was a potion of curing.
You feel better. The gnoll misses you.
The jackal bites you but does no damage.
You closely miss the jackal.
The jackal bites you but does no damage.
The gnoll hits you from afar with a spear.
* * * LOW HITPOINT WARNING * * *
The jackal barely misses you.
The gnoll hits you from afar with a spear of freezing.
* * * LOW HITPOINT WARNING * * *
You feel yourself slow down. The gnoll freezes you.
* * * LOW HITPOINT WARNING * * *
The jackal closely misses you.
The gnoll hits you from afar with a spear.
You die...

#.############## #...............
#.############## #.#..........#
#.#.########.# #### ###.#.# #.#
...# #.....# #.# ##.#
#######.....# #.# #.#
#....gh@....# #.#
##.#######....g..#'#.# #.###
.[.>.)gg.+.........#.# #....
##.[#####..#.....#...# #####
.........##.#.#.#.##.##
##..##..##.⌠.###.⌠.##.##
##.....####.#.#.#.####.##########
.......#.###.#.#.#.#.#........>..
##.#..#.♣.###.⌠.###.8.#.#####....


You could see 2 gnolls and a jackal.

Vanquished Creatures
  An orc wizard (D:3)
  A gnoll (D:2)
  3 adders (D:2)
  An ooze (D:2)
  2 worms (D:2)
  A dart slug (D:1)
  A leopard gecko (D:3)
  4 orcs
  3 giant cockroaches
  7 hobgoblins
  A jackal (D:2)
  A quokka (D:3)
  A ball python (D:2)
  5 bats
  3 frilled lizards
  5 goblins
  15 kobolds
  8 rats
63 creatures vanquished.

Notes
Turn   | Place    | Note
-------+----------+-------------------------------------------
     0 | D:1      | toucherabbit the Draconian Monk began the quest for the Orb.
     0 | D:1      | Reached XP level 1. HP: 19/19 MP: 1/1
   315 | D:1      | Reached XP level 2. HP: 25/26 MP: 2/2
  1004 | D:2      | Reached XP level 3. HP: 17/33 MP: 3/3
  1286 | D:2      | Found a stormy altar of Qazlal.
  1286 | D:2      | Found a shattered altar of Ashenzari.
  1379 | D:2      | Became a worshipper of Qazlal Stormbringer
  1379 | D:2      | Reached * piety under Qazlal
  1379 | D:2      | Reached ** piety under Qazlal
  1997 | D:2      | Reached XP level 4. HP: 38/40 MP: 4/4
  2554 | D:3      | Reached skill level 4 in Unarmed Combat
  3327 | D:2      | Reached XP level 5. HP: 15/46 MP: 5/5
  3330 | D:2      | HP: 2/46 [gnoll/spear (4)]
  3337 | D:2      | HP: 1/46 [jackal (2)]
  3343 | D:2      | Slain by a gnoll

Skill      XL: |  1  2  3  4 |
---------------+-------------+-----
Dodging        | 3 |  3.7
Stealth        | 2 |  2.2
Unarmed Combat | 4 |  4.4
Fighting       | |  3.8

Action                   |  1- 3 |  4- 6 || total
-------------------------+-------+-------++-------
Melee: Unarmed           |   141 |   105 ||   246
       Tailslap          |     9 |    13 ||    22
       Punch             |       |     1 ||     1
  Use: Potion            |       |     2 ||     2
  Eat: Chunk             |     3 |     3 ||     6
Armor: Skin              |    49 |    41 ||    90
Dodge: Dodged            |   134 |    90 ||   224
Block: Other             |     9 |    20 ||    29
